 Dungeon Crawl Stone Soup version 0.19-a0-583-g665d810 (webtiles) character file.

18286 TheGoonsmith the Bludgeoner (level 12, -1/141 HPs)
             Began as an Ogre Berserker on June 9, 2016.
             Was an Elder of Trog.
             Slain by an ice devil (18 damage)
             ... summoned by an orc sorcerer
             ... on level 2 of the Orcish Mines.
             The game lasted 00:25:37 (14760 turns).

TheGoonsmith the Bludgeoner (Ogre Berserker)       Turns: 14760, Time: 00:25:38

Health: -1/141     AC:  5    Str: 25    XL:     12   Next: 56%
Magic:  12/12      EV: 14    Int:  6    God:    Trog [****..]
Gold:   988        SH:  0    Dex: 13    Spells: 0 memorised, 11 levels left

rFire  . . .     SeeInvis .     G - +5 giant spiked club of Woiz {crush, MR+ Int+2}
rCold  . . .     Gourm    .     b - +1 animal skin
rNeg   . . .     Faith    .     (shield currently unavailable)
rPois  .         Spirit   .     (helmet restricted)
rElec  .         Dismiss  .     D - +0 cloak (curse)
rCorr  .         Reflect  .     (gloves unavailable)
SustAt .         Harm     .     (boots unavailable)
MR     ++++.                    (no amulet)
Stlth  +.........               (no ring)
                                y - +2 ring of protection

@: corroded, regenerating, incredibly resistant to hostile enchantments, very
unstealthy
A: unfitting armour, iridescent scales 1, slimy green scales 1, dopey 1, tough
skin 1, wild magic 1
a: Berserk, Trog's Hand, Brothers in Arms, Burn Spellbooks, Renounce Religion


You were on level 2 of the Orcish Mines.
You worshipped Trog.
Trog was greatly pleased with you.
You were not hungry.

You visited 2 branches of the dungeon, and saw 13 of its levels.

You collected 1121 gold pieces.
You spent 133 gold pieces at shops.

Inventory:

Hand Weapons
 a - a +1 mace
 u - a +0 giant club
 G - the +5 giant spiked club of Woiz (weapon) {crush, MR+ Int+2}
   (Trog gifted it to you on level 2 of the Orcish Mines)

   It inflicts extra damage upon your enemies.
   It affects your intelligence (+2).
   It affects your resistance to hostile enchantments.
 P - a cursed -2 giant spiked club
Missiles
 k - 130 stones (quivered)
 o - 20 tomahawks
 Q - 4 large rocks
 R - 5 javelins
Armour
 b - a +1 animal skin (worn)
 i - a mottled dragon hide
 D - a cursed +0 cloak (worn)
Jewellery
 w - the macabre finger necklace {rN+}
   (You found it on level 11 of the Dungeon)

   [amulet of nothing]

   It protects you from negative energy.
 y - a +2 ring of protection (left hand)
 B - the amulet "Qoxzut" {Harm *Drain Fragile rElec Int+6 Dex+4, unknown}
   (You found it on level 11 of the Dungeon)

   [amulet of harm]

   It increases damage dealt and taken.
   It affects your intelligence (+6).
   It affects your dexterity (+4).
   It insulates you from electricity.
   It will be destroyed if unequipped.
Wands
 e - a wand of disintegration (17/24)
 f - a wand of heal wounds (5/9)
 m - a wand of slowing (17/48)
 E - a wand of digging (15/24)
 O - a wand of paralysis (6/24)
Scrolls
 n - 5 scrolls of remove curse
 r - 2 scrolls of identify
 t - a scroll of teleportation
 x - 2 scrolls of recharging
 F - a scroll of magic mapping
 N - a scroll of fog
Potions
 g - 4 potions of curing
 h - a potion of flight
 j - 3 potions of might
 l - 2 potions of resistance
 p - a potion of heal wounds
 s - a potion of magic {unknown}
 v - 2 potions of degeneration
 C - a potion of brilliance {unknown}
 H - 2 potions of lignification {unknown}
 J - a potion of beneficial mutation {unknown}
 K - a potion of cancellation {unknown}
 L - a potion of haste {unknown}
 M - a potion of mutation {unknown}
Comestibles
 c - a bread ration
 d - 2 beef jerkies
 q - 12 royal jellies
 z - 4 meat rations
 I - 6 fruits


   Skills:
 - Level 15.0 Fighting
 * Level 17.2 Maces & Flails
 + Level 8.9 Dodging


You had 11 spell levels left.
You didn't know any spells.

Dungeon Overview and Level Annotations

Branches:
Dungeon (11/15)            Temple (0/1) D:4            Lair (0/8) D:10
    Orc (2/2) D:11            Elf (0/3) Orc:2

Altars:
Cheibriados
Elyvilon
Fedhas
Gozag
Makhleb
Qazlal
Ru
Sif Muna
Zin
The Shining One
Beogh

Shops:
D:4 [   D:5 ?   D:7 *   Orc:2 ([


Innate Abilities, Weirdness & Mutations

You are too large for most types of armour.
You have tough skin. (AC +1)
You are partially covered in iridescent scales. (AC +4)
You are partially covered in slimy green scales. (AC +2)
You are dopey. (Int -2)
Your spells are a little harder to cast, but a little more powerful.


Message History

The rust devil hits you.
* * * LOW HITPOINT WARNING * * *
The rust devil corrodes you!
Unknown command.
You hit the rust devil but do no damage.
Your ogre hits the rust devil with a giant spiked club!!!
The ice devil hits you but does no damage.
The rust devil hits you.
* * * LOW HITPOINT WARNING * * *
The rust devil corrodes you! The orange demon stings you from afar!
* * * LOW HITPOINT WARNING * * *
Your ogre hits the rust devil with a giant spiked club!!
The rust devil dies!
You feel better. The orange demon stings your ogre!
The orange demon hits your ogre.
Your ogre looks weaker.
The ice devil hits you!
* * * LOW HITPOINT WARNING * * *
The ice devil freezes you!!
You die...

.........)..............#o.
.........._.............(.#
..................))).....#
...8.............8......$..
.#####.........#####.##....
#...........# ####....
#...#....)#)..# ####.
...##.....##...# # ..#
#..@..# #...# ####84..8#
#.∩# .####..#)O...#. ###
....o...4......#
..............##
...............#
..o..##.......#.. ....#
#.......... .... o.....o...


You could see an orange demon, an ice devil and a friendly ogre (berserk).

Vanquished Creatures
  Maud (Orc:1)
  An orc warlord (Orc:2)
  Urug (Orc:2)
  An orc high priest (Orc:2)
  The ghost of Ryco the Cleaver, a novice DDFi of Makhleb (D:8)
  2 hill giants (D:11)
  2 orc knights (Orc:2)
  3 orc sorcerers (Orc:2)
  A cyclops (Orc:2)
  An ice statue (D:11)
  Joseph (D:7)
  A centaur skeleton (D:11)
  2 trolls (Orc:2)
  A two-headed ogre (Orc:2)
  Grinder (D:5)
  A slime creature (D:11)
  A wraith (D:11)
  6 spriggans (D:7)
  A hungry ghost (D:9)
  2 mottled dragons
  A soldier ant (D:11)
  A water moccasin (D:11)
  18 orc warriors
  A black bear (D:8)
  3 ice beasts
  4 sky beasts
  4 ogres
  6 centaurs
  A crocodile (D:6)
  Blork the orc (D:4)
  A big kobold (D:9)
  4 giant frogs
  A wyvern zombie (D:8)
  2 scorpions
  4 wights (D:11)
  17 killer bees
  4 howler monkeys
  2 crimson imps (D:7)
  2 quasits (D:10)
  2 centaur zombies
  A giant frog zombie (D:6)
  2 giant frog skeletons
  18 orc priests
  4 hounds
  5 jellies
  14 orc wizards
  An iron imp (D:8)
  Jessica (D:2)
  Ijyb (D:3)
  Natasha (thrice) (D:3)
  3 iguanas
  5 worker ants
  A worker ant zombie (D:8)
  Robin (D:4)
  15 adders
  2 shadow imps
  5 oozes (D:11)
  4 worms
  3 dart slugs
  2 giant geckos
  37 orcs
  3 ball pythons
  5 giant cockroaches
  21 goblins
  6 hobgoblins
  13 jackals
  11 kobolds
  10 quokkas
  A ball python skeleton (D:4)
  4 bats
  2 giant gecko skeletons (D:7)
  7 giant newts
  A quokka zombie (D:9)
  9 rats
331 creatures vanquished.

Vanquished Creatures (collateral kills)
  A troll (D:10)
  A wraith (D:10)
  2 orc warriors (Orc:2)
  2 orc wizards (Orc:2)
  2 orcs (Orc:2)
8 creatures vanquished.

Vanquished Creatures (others)
  An orc wizard (D:9)
1 creature vanquished.

Grand Total: 340 creatures vanquished

Notes
Turn   | Place    | Note
--------------------------------------------------------------
     0 | D:1      | TheGoonsmith the Ogre Berserker began the quest for the Orb.
     0 | D:1      | Reached XP level 1. HP: 24/24 MP: 1/1
   288 | D:1      | Reached XP level 2. HP: 32/32 MP: 2/2
   563 | D:1      | Reached skill level 5 in Maces & Flails
   615 | D:1      | Reached XP level 3. HP: 40/40 MP: 3/3
   989 | D:2      | Found an opulent altar of Gozag.
  1045 | D:2      | Reached ** piety under Trog
  1074 | D:2      | Found a faded altar of an unknown god.
  1075 | D:2      | Noticed Jessica
  1085 | D:2      | Killed Jessica
  1085 | D:2      | Reached skill level 6 in Maces & Flails
  1085 | D:2      | Reached XP level 4. HP: 44/49 MP: 4/4
  1476 | D:2      | Found an opulent altar of Gozag.
  1796 | D:3      | Noticed Natasha
  1804 | D:3      | Killed Natasha
  1804 | D:3      | Reached skill level 5 in Fighting
  1804 | D:3      | Reached XP level 5. HP: 39/57 MP: 5/5
  1905 | D:3      | Noticed Ijyb
  1913 | D:3      | Killed Ijyb
  1913 | D:3      | Reached skill level 7 in Maces & Flails
  1966 | D:3      | Found a blossoming altar of Fedhas.
  2054 | D:3      | Reached *** piety under Trog
  2543 | D:3      | Reached XP level 6. HP: 53/67 MP: 6/6
  2625 | D:3      | Noticed Natasha
  2635 | D:3      | Killed Natasha
  2721 | D:3      | Noticed Natasha
  2728 | D:3      | Killed Natasha
  2936 | D:3      | Reached skill level 8 in Maces & Flails
  3239 | D:4      | Found Qachifoz's Armour Boutique.
  3559 | D:4      | Noticed Blork the orc
  3567 | D:4      | Killed Blork the orc
  3567 | D:4      | Reached XP level 7. HP: 75/75 MP: 7/7
  3619 | D:4      | Noticed Robin
  3671 | D:3      | Reached skill level 9 in Maces & Flails
  3776 | D:4      | Killed Robin
  4172 | D:4      | Reached **** piety under Trog
  4284 | D:4      | Found a staircase to the Ecumenical Temple.
  4319 | D:5      | Entered Level 5 of the Dungeon
  4360 | D:5      | Found Uggy's Magic Scroll Boutique.
  4548 | D:5      | Bought a scroll of teleportation for 33 gold pieces
  4548 | D:5      | Bought a scroll of identify for 22 gold pieces
  4628 | D:5      | Noticed Grinder
  4635 | D:5      | Killed Grinder
  4635 | D:5      | Reached skill level 10 in Maces & Flails
  4639 | D:5      | Reached XP level 8. HP: 87/87 MP: 8/8
  4800 | D:5      | Found a stormy altar of Qazlal.
  4812 | D:5      | Found a glowing silver altar of Zin.
  5003 | D:6      | Reached skill level 11 in Maces & Flails
  5184 | D:6      | Gained mutation: Your spells are a little harder to cast, but a little more powerful. [mutagenic meat]
  5185 | D:6      | Gained mutation: You are partially covered in iridescent scales. (AC +4) [mutagenic meat]
  5186 | D:6      | Gained mutation: You are dopey. (Int -2) [mutagenic meat]
  5187 | D:6      | Gained mutation: You are partially covered in slimy green scales. (AC +2) [mutagenic meat]
  5605 | D:6      | Found a sacrificial altar of Ru.
  5676 | D:6      | Found a glowing golden altar of the Shining One.
  5779 | D:6      | Reached skill level 12 in Maces & Flails
  5985 | D:7      | Found Ynguis's Assorted Antiques.
  5992 | D:7      | Bought a scroll labeled LEYSTA FUWEHI for 28 gold pieces
  5992 | D:7      | Bought a cyan potion for 25 gold pieces
  5992 | D:7      | Bought an amethyst potion for 25 gold pieces
  6070 | D:7      | Reached XP level 9. HP: 95/100 MP: 9/9
  6181 | D:7      | Noticed Joseph
  6188 | D:7      | Killed Joseph
  6188 | D:7      | Reached skill level 10 in Fighting
  6866 | D:7      | You fall through a shaft!
  7012 | D:7      | Reached XP level 10. HP: 119/119 MP: 10/10
  7310 | D:7      | Reached skill level 5 in Dodging
  7485 | D:8      | Found a burning altar of Makhleb.
  7517 | D:8      | Noticed Ryco's ghost (novice DDFi)
  7525 | D:8      | Killed Ryco's ghost
  7752 | D:8      | Found a snail-covered altar of Cheibriados.
  7872 | D:9      | Reached ***** piety under Trog
  8123 | D:9      | Found a deep blue altar of Sif Muna.
  8554 | D:9      | Found a white marble altar of Elyvilon.
  8910 | D:10     | Entered Level 10 of the Dungeon
  9767 | D:10     | Reached XP level 11. HP: 126/127 MP: 11/11
  9817 | D:10     | Found a staircase to the Lair.
  9861 | D:10     | Reached skill level 13 in Maces & Flails
 10942 | D:11     | Got a warped platinum amulet
 10973 | D:11     | Identified the Papyrus of the Vitriolic Blaze
 11547 | D:11     | Found a staircase to the Orcish Mines.
 11550 | D:11     | Noticed a hill giant
 11553 | D:11     | Noticed a hill giant
 11556 | D:11     | Killed a hill giant
 11556 | D:11     | Reached skill level 14 in Maces & Flails
 11569 | D:11     | Killed a hill giant
 11576 | D:11     | Found a roughly hewn altar of Beogh.
 12138 | Orc:1    | Entered Level 1 of the Orcish Mines
 12138 | Orc:1    | Noticed Maud
 12149 | Orc:1    | Killed Maud
 12149 | Orc:1    | Reached skill level 15 in Maces & Flails
 12319 | Orc:2    | Entered Level 2 of the Orcish Mines
 12319 | Orc:2    | Found a roughly hewn altar of Beogh.
 12361 | Orc:2    | Found a roughly hewn altar of Beogh.
 12523 | Orc:2    | Found a staircase to the Elven Halls.
 12560 | Orc:2    | Noticed an orc knight
 12585 | Orc:2    | Killed an orc knight
 12860 | Orc:2    | Noticed an orc sorcerer
 12862 | Orc:2    | Noticed a sixfirhy
 12867 | Orc:2    | Killed an orc sorcerer
 12868 | Orc:2    | Noticed an orc sorcerer
 12873 | Orc:2    | Killed an orc sorcerer
 13038 | Orc:2    | Reached XP level 12. HP: 76/140 MP: 12/12
 13408 | Orc:2    | Received a gift from Trog
 13417 | Orc:2    | Reached skill level 15 in Fighting
 13417 | Orc:2    | Reached skill level 16 in Maces & Flails
 13421 | Orc:2    | Got a fine giant spiked club {god gift}
 13422 | Orc:2    | Identified the +5 giant spiked club of Woiz {crush, MR+ Int+2} (Trog gifted it to you on level 2 of the Orcish Mines)
 13473 | Orc:2    | Noticed Urug
 13492 | Orc:2    | Killed Urug
 13773 | Orc:2    | Noticed an orc high priest
 13812 | Orc:2    | Killed an orc high priest
 14366 | Orc:2    | Noticed an orc warlord
 14366 | Orc:2    | Found a roughly hewn altar of Beogh.
 14376 | Orc:2    | Killed an orc warlord
 14376 | Orc:2    | Reached skill level 17 in Maces & Flails
 14705 | Orc:2    | Found Ynoerchej's Antique Weapon Shoppe.
 14729 | Orc:2    | Found Xinurchay's Antique Armour Shoppe.
 14760 | Orc:2    | Slain by an ice devil

Vault maps used:
D:1:      dpeg_arrival_fog, minmay_strange_pillars, minmay_statues_item,
          corexii_leaking_fountain
D:2:      old_standard_altar, ecumenical_altar_2, first_bread,
          grunt_gozag_statues, uniq_jessica
D:3:      lemuel_round_altar, uniq_natasha, uniq_iyjb
D:4:      lemuel_temple_firewalk_marked, serial_shops, nicolae_shop_statue_plus,
          uniq_blork_the_orc, uniq_robin
D:5:      amethyst_overflow_temple_binary, serial_shops, shop, uniq_grinder
D:6:      marbit_many_paths, nicolae_ru_path_of_blood
D:7:      forest_paths, serial_shops, shop, uniq_joseph
D:8:      slow_altar_1, lemuel_doored_altar
D:9:      led_sif_book, kennysheep_mini_moat
D:10:     lair_0_dummy
D:11:     minmay_orc_entry_temple_small, hangedman_little_slice_of_home,
          minivault_15
Orc:1:    special_room, uniq_maud
Orc:2:    grunt_orc_cross, basic_altar, minmay_orc_temple_a

Skill      XL: |  1  2  3  4  5  6  7  8  9 10 11 12 |
---------------+-------------------------------------+-----
Maces & Flails | 5 6 7 8 10 12 15 17 | 17.2
Fighting       | 5 6 7 9 13 14 15 | 15.0
Dodging        | 3 8 |  8.9

Action                   |  1- 3 |  4- 6 |  7- 9 | 10-12 || total
-------------------------+-------+-------+-------+-------++-------
Melee: Mace              |    96 |   197 |    83 |       ||   376
       Giant club        |       |       |   166 |   472 ||   638
       Giant spiked club |       |       |       |    66 ||    66
Throw: Stone             |       |       |       |    47 ||    47
Invok: Berserk           |       |     5 |     5 |    10 ||    20
       Trog's Hand       |       |     1 |     2 |     6 ||     9
       Brothers in Arms  |       |       |       |     5 ||     5
       Burn Spellbooks   |       |       |       |     2 ||     2
  Use: Scroll            |       |     8 |     3 |     9 ||    20
       Potion            |       |       |       |     5 ||     5
 Stab: Sleeping          |       |       |     1 |     1 ||     2
       Distracted        |       |       |     1 |     1 ||     2
  Eat: Chunk             |       |    13 |    16 |    26 ||    55
       Meat ration       |       |       |     1 |       ||     1
       Bread ration      |       |       |       |     4 ||     4
       Pizza             |       |       |       |     1 ||     1
       Royal jelly       |       |       |       |     1 ||     1
Armor: Animal skin       |    20 |    42 |    99 |   233 ||   394
Dodge: Dodged            |    43 |   110 |   125 |   413 ||   691
